 Dungeon Crawl Stone Soup version 0.25.1-2-g60ff931df9 (webtiles) character file.

Game seed: 10090873094141199086

257 DogServant the Charmwright (level 6, 0/39 HPs)
             Began as a Halfling Skald on Oct 18, 2020.
             Slain by a hound (2 damage)
             ... on level 4 of the Dungeon.
             The game lasted 00:05:16 (4130 turns).

DogServant the Charmwright (Halfling Skald)         Turns: 4130, Time: 00:05:16

Health: 0/39       AC:  3    Str: 13    XL:     6   Next: 39%
Magic:  0/8        EV: 15    Int: 11    God:
Gold:   110        SH:  0    Dex: 15    Spells: 3/8 levels left

rFire    . . .     SeeInvis .   a - +0 falchion
rCold    . . .     Gourm    .   (shield restricted)
rNeg     . . .     Faith    .   b - +0 leather armour
rPois    .         Spirit   .   (no helmet)
rElec    .         Reflect  .   (no cloak)
rCorr    .         Harm     .   (no gloves)
MR       .....                  (no boots)
Stlth    +.........             (no amulet)
HPRegen  0.13/turn              (no ring)
MPRegen  0.11/turn              (no ring)

@: infused (expiring)
A: small, mutation resistance 1
a: no special abilities


You were on level 4 of the Dungeon.
You were not hungry.

You visited 1 branch of the dungeon, and saw 4 of its levels.

You collected 110 gold pieces.

Inventory:

Hand Weapons
 a - a +0 falchion (weapon)
 l - a +0 hunting sling
Armour
 b - a +0 leather armour (worn)
Jewellery
 f - a cursed ring of teleportation {unknown}
 u - an uncursed ring of protection from cold {unknown}
Scrolls
 c - 5 scrolls of identify {unknown}
 e - a scroll of enchant armour {unknown}
 g - a scroll of random uselessness {unknown}
 h - 2 scrolls of enchant weapon {unknown}
 i - a scroll of teleportation {unknown}
 m - a scroll of fear {unknown}
 o - a scroll of fog {unknown}
 q - a scroll of amnesia {unknown}
 r - a scroll of blinking {unknown}
Potions
 j - a potion of might {unknown}
 k - a potion of stabbing {unknown}
 n - 2 potions of curing {unknown}
 p - a potion of resistance
 s - a potion of flight {unknown}
 t - 3 potions of invisibility {unknown}
Comestibles
 d - 5 rations


   Skills:
 - Level 1.7 Fighting
 + Level 4.2 Long Blades
 - Level 1.1 Armour
 + Level 3.4 Dodging
 - Level 1.5 Spellcasting
 - Level 4.5 Charms
 + Level 2.4 Translocations


You had 3 spell levels left.
You knew the following spells:

 Your Spells              Type           Power        Failure   Level  Hunger
a - Infusion              Chrm           ##..         6%          1    ##.....
b - Song of Slaying       Chrm           ##......     9%          2    ###....
c - Shroud of Golubria    Chrm/Tloc      #.....       14%         2    ###....

Your spell library contained the following spells:

 Spells                   Type           Power        Failure   Level  Hunger
 Ozocubu's Armour         Chrm/Ice       #.......     43%         3    ####...
 Spectral Weapon          Hex/Chrm       #.......     43%         3    ####...
 Ice Form                 Ice/Tmut       #.......     98%         4    #####..
 Metabolic Englaciation   Hex/Ice        #.........   100%        5    ######.
 Freezing Cloud           Conj/Ice/Air   #.........   100%        6    #######
 Ozocubu's Refrigeration  Ice            #.........   100%        6    #######
 Simulacrum               Ice/Necr       #.........   100%        6    #######


Dungeon Overview and Level Annotations

Branches:
Dungeon (4/15)
 Temple: D:4-7

Altars:
Dithmenos


Innate Abilities, Weirdness & Mutations

You are small and have problems with some larger weapons.
You are somewhat resistant to further mutation.


Message History

The hound bites you. The hound closely misses you.
The gnoll hits you with a +0 spear.
* * * LOW HITPOINT WARNING * * *
You hit the gnoll.
The gnoll is moderately wounded.
The hound completely misses you. The gnoll hits you with a +0 spear.
* * * LOW HITPOINT WARNING * * *
You hit the gnoll.
The gnoll is severely wounded.
The hound completely misses you. The hound barely misses you.
The gnoll hits you with a +0 spear!
* * * LOW HITPOINT WARNING * * *
You hit the gnoll.
You kill the gnoll!
Your magical infusion is running out.
The hound barely misses you. The hound misses you.
You hit the hound.
The hound is heavily wounded.
The hound bites you.
You die...

.. #.##..(
#####.###......
+...#..#....<.
#...#.......# +..
#......## ..
####'#####......#..#
#..P.Ph.#..........#
#....)@......<#
####..........#
#..............
#...............
##...............
###......#..>.#.
#......#..###
##.....#..#


You could see a hound.

Vanquished Creatures
  A hound (D:4)
  2 orc priests (D:3)
  An iguana (D:4)
  4 adders
  A gnoll (D:4)
  An ooze (D:2)
  4 worms
  4 leopard geckos
  5 orcs (D:3)
  10 bats
  6 giant cockroaches
  7 goblins
  7 hobgoblins
  3 jackals (D:2)
  2 ball pythons (D:2)
  7 frilled lizards
  7 kobolds
  A leopard gecko skeleton (D:3)
  7 rats
80 creatures vanquished.

Notes
Turn   | Place    | Note
-------+----------+-------------------------------------------
     0 | D:1      | DogServant the Halfling Skald began the quest for the Orb.
     0 | D:1      | Reached XP level 1. HP: 14/14 MP: 3/3
   161 | D:1      | Reached XP level 2. HP: 18/19 MP: 0/4
   663 | D:1      | Reached XP level 3. HP: 19/24 MP: 0/5
  1079 | D:2      | Learned a level 2 spell: Song of Slaying
  1619 | D:2      | Reached XP level 4. HP: 26/29 MP: 1/6
  2056 | D:2      | Learned a level 2 spell: Shroud of Golubria
  2530 | D:2      | Reached XP level 5. HP: 33/34 MP: 2/7
  2830 | D:3      | Found a shadowy altar of Dithmenos.
  3023 | D:3      | Reached skill level 1 in Translocations
  3034 | D:3      | HP: 1/34 [hobgoblin/+0 club (4)]
  3695 | D:3      | Reached XP level 6. HP: 11/39 MP: 3/8
  4128 | D:4      | HP: 1/39 [gnoll/+0 spear (8)]
  4130 | D:4      | Slain by a hound

Illustrated notes

Levels and vault maps discovered:
D:1:      ncdulo_watergridlock, layout_basic
D:2:      layout_loops_ring
D:3:      layout_basic, serial_forest, infiniplex_forest_fountain,
          infiniplex_forest_clump_diagonal, infiniplex_forest_clump_tiny,
          infiniplex_forest_end_2, infiniplex_forest_clump_small,
          infiniplex_forest_end_2, infiniplex_forest_lined_4_way,
          skrybe_limestone_x, nicolae_dithmenos_through_a_glass_darkly
D:4:      layout_cave_pools, lemuel_doored_altar, first_ration,
          ebering_ghost_reflecting_pool, cheibrodos_gnoll_hut

Skill      XL: |  1  2  3  4  5  6 |
---------------+-------------------+-----
Charms         | 4 |  4.5
Long Blades    | 3 4 |  4.2
Translocations | 1 2 |  2.4
Dodging        | 3 |  3.4
Fighting       | |  1.7
Armour         | |  1.1
Spellcasting   | |  1.5

Action                   |  1- 3 |  4- 6 || total
-------------------------+-------+-------++-------
Melee: Falchion          |    76 |   188 ||   264
 Cast: Infusion          |    12 |     9 ||    21
       Song of Slaying   |     1 |     2 ||     3
  Use: Potion            |       |     1 ||     1
 Stab: Sleeping          |       |     2 ||     2
  Eat: Chunk             |     3 |     6 ||     9
       Ration            |       |     1 ||     1
Armor: Leather armour    |    24 |    47 ||    71
Dodge: Dodged            |    70 |   172 ||   242
       Rpst.: Falchion   |    26 |    41 ||    67
